 Dungeon Crawl Stone Soup version 0.29-a0-716-gf28ee254f9 (webtiles) character file.

Game seed: 12889614697149771563

32 KristoblXynda the Sneak (level 3, -5/19 HPs)
             Began as a Spriggan Delver on June 26, 2022.
             Slain by an ogre
             ... wielding a +0 giant spiked club
              (24 damage)
             ... on level 4 of the Dungeon.
             The game lasted 00:01:24 (722 turns).

KristoblXynda the Sneak (Spriggan Delver)            Turns: 722, Time: 00:01:24

Health: -5/19      AC:  2    Str: 10    XL:     3   Next: 8%
Magic:  4/4        EV: 18    Int: 11    God:
Gold:   40         SH:  0    Dex: 16    Spells: 2/2 levels left

rFire   . . .      SeeInvis +   a - +0 short sword
rCold   . . .      Faith    .   (no shield)
rNeg    . . .      Spirit   .   b - +0 robe
rPois   .          Reflect  .   (helmet restricted)
rElec   .          Harm     .   (no cloak)
rCorr   .          Rampage  .   (gloves unavailable)
Will    .....                   (boots unavailable)
Stlth   ++++......              (no amulet)
HPRegen 0.06/turn               (no ring)
MPRegen 0.09/turn               (no ring)

@: very quick
A: very small, no large weapons, unfitting armour, see invisible, speed 3
a: no special abilities


You were on level 4 of the Dungeon.
You visited 1 branch of the dungeon, and saw 2 of its levels.

You collected 40 gold pieces.

Inventory:

Hand Weapons
 a - a +0 short sword (weapon)
Armour
 b - a +0 robe (worn)
Wands
 g - a wand of digging (3)
Scrolls
 c - a scroll of fog
 d - a scroll of magic mapping
 e - a scroll of fear
 k - a scroll of torment {unknown}
Potions
 f - a potion of haste
 h - a potion of curing {unknown}
 i - a potion of heal wounds {unknown}


   Skills:
 + Level 2.7 Fighting
 + Level 2.7 Short Blades
 + Level 3.3 Dodging
 + Level 7.6 Stealth


You had 2 spell levels left.
You didn't know any spells.
Your spell library was empty.

Dungeon Overview and Level Annotations

Branches:
Dungeon (5/15)
 Temple: D:4-7

Altars:


Innate Abilities, Weirdness & Mutations

You are very small and have problems with some larger weapons.
You are too small for most types of armour.
You have supernaturally acute eyesight. (SInv)
You cover ground extremely quickly. (Speed+++)


Message History

You open the door.
Found a stone staircase leading down.
Found a gnarled runed staff.
You now have 40 gold pieces (gained 10).
You see here a staff of death.
You open the door.
There is an open door here.
There is an open door here.
There is an open door here.
There is an open door here.
Found 8 stones.
An ogre comes into view. It is wielding a +0 giant spiked club.
Found 7 stones.
Aiming: Throw Flame
Press: ? - help, Shift-Dir - straight line, f - ogre
Aim: an ogre, wielding a +0 giant spiked club (asleep, 100% to hit)
The puff of flame hits the ogre.
The ogre is lightly wounded.
Aiming: Throw Flame
Press: ? - help, Shift-Dir - straight line, f/p - ogre
Aim: an ogre, wielding a +0 giant spiked club (lightly wounded, 85% to hit)
The puff of flame hits the ogre.
The ogre is moderately wounded.
Aiming: Throw Flame
Press: ? - help, Shift-Dir - straight line, f/p - ogre
Aim: an ogre, wielding a +0 giant spiked club (moderately wounded, 85% to hit)
The puff of flame hits the ogre.
The ogre is heavily wounded.
Aiming: Throw Flame
Press: ? - help, Shift-Dir - straight line, f/p - ogre
Aim: an ogre, wielding a +0 giant spiked club (moderately wounded, 85% to hit)
The puff of flame misses the ogre.
The now-empty wand crumbles to dust.
You hit the ogre.
The ogre is heavily wounded.
The ogre completely misses you.
You hit the ogre.
The ogre is severely wounded.
The ogre hits you with a +0 giant spiked club!!
Ouch! That really hurt!
You die...

#...†#.##### ...(
####...## 8(. #<...# ..8
##..## #(. ##.## #.#
#######..# #.#
......##.## #.#
......##..# #O#
......###.## #@#
......###..#####'#######
........)....#.........#
####.........#.........#
#.........#.........####
#........[###'####.....#
#.........# #.# #.....#
#.........###.# #.....#
#..........##.# #...[.#


You could see an ogre.

Vanquished Creatures
  An iguana (D:4)
  3 orcs (D:4)
4 creatures vanquished.

Notes
Turn   | Place    | Note
-------+----------+-------------------------------------------
     0 | D:5      | KristoblXynda the Spriggan Delver began the quest for the
                  | Orb.
     0 | D:5      | Reached XP level 1. HP: 11/11 MP: 2/2
     1 | D:5      | Noticed a hound
    25 | D:5      | Noticed an ogre
    49 | D:4      | Noticed an orc wizard
   237 | D:4      | Noticed an iguana
   265 | D:4      | Killed an iguana
   266 | D:4      | Reached XP level 2. HP: 10/16 MP: 3/3
   266 | D:4      | Reached XP level 3. HP: 12/19 MP: 4/4
   712 | D:4      | Noticed an ogre
   722 | D:4      | Slain by an ogre

Illustrated notes

Levels and vault maps discovered:
D:4:      layout_basic, led_xom_imps, gammafunk_ghost_smash,
          dilly_guarded_unrand_devastator
D:5:      layout_cave_pools, minmay_temple_entry_offerings, serial_park,
          serial_park_avenue1, serial_park_fountain

Skill      XL: |  1 |
---------------+----+-----
Dodging        | 3 |  3.3
Fighting       | |  2.7
Short Blades   | |  2.7
Stealth        | |  7.6

Action                   || total
-------------------------++-------
Melee: Short sword       ||    17
Evoke: Wand              ||    16
 Stab: Sleeping          ||     1
Armor: Robe              ||     1
Dodge: Dodged            ||    15

Table legend: (Time is in decaauts)
 A = Elapsed time spent in this place.
 B = Non-inter-level travel time spent in this place.
 C = Inter-level travel time spent in this place.
 D = Time resting spent in this place.
 E = Time spent auto-exploring this place.
 F = Levels seen in this place.
 G = Mean time per level.
                   A        B        C        D        E       F      G
               +--------+--------+--------+--------+--------+-----+--------+
         Total |    626 |    626 |      0 |    433 |     75 |   2 |  313.0 |
       Dungeon |    626 |    626 |      0 |    433 |     75 |   2 |  313.0 |
               +--------+--------+--------+--------+--------+-----+--------+

Top non-repeatable levels by time:
     D:4: 595 daAuts
     D:5: 31 daAuts
